 Dungeon Sprint DCSS version 0.28-a0-206-gc2c9e32840 (webtiles) character file.

Game seed: 5930758024349441129

69460 MikeHunt the Peltast (level 15, -6/123 HPs)
             Began as a Djinni Ice Elementalist on Aug 20, 2021.
             Was the Champion of Makhleb.
             Killed from afar by Nikola (62 damage)
             ... with an arc of chain lightning
             ... in the Dungeon (Sprint IX: "|||||||||||||||||||||||||||||").
             The game lasted 00:43:35 (7626 turns).

MikeHunt the Peltast (Djinni Ice Elementalist)      Turns: 7626, Time: 00:43:36

Health: -6/123     AC: 26    Str:  9    XL:     15   Next: 74%
Gold:   682        EV: 21    Int: 26    God:    Makhleb [******] SH: 15 Dex: 18

rFire   + + +      SeeInvis .   i - +3 scimitar (flame)
rCold   + + .      Faith    .   J - +0 kite shield
rNeg    . . .      Spirit   .   D - +0 acid dragon scales
rPois   ∞          Reflect  .   j - +2 helmet {Int+3}
rElec   +          Harm     .   v - scarf {rC+ rF+}
rCorr   +          Rampage  .   E - +2 pair of gloves {Dex+3}
Will    +....      NoTele   +   (boots unavailable)
Stlth   ++........              (no amulet)
HPRegen 0.30/turn               B - ring of protection from cold
MPRegen 0.00/turn               m - +3 ring of intelligence

@: ice-armoured, resistant, flying
A: sickness immunity, fire resistance 2, cold vulnerability 1, float, innate
caster, hp casting, extra vitality 1, screaming 1
a: Renounce Religion, Minor Destruction, Lesser Servant of Makhleb, Major
Destruction, Greater Servant of Makhleb


You were in the Dungeon.
You worshipped Makhleb.
Makhleb was exalted by your worship.
You visited 1 branch You collected 1919 gold pieces.
You spent 1237 gold pieces at shops.

Inventory:

Hand Weapons
 c - a +6 long sword of draining
 i - a +3 scimitar of flaming (weapon)
Armour
 e - a +2 buckler of fire resistance
 f - a +0 buckler of protection
 j - a +2 helmet of intelligence (worn)
 l - a +1 scale mail
 t - the +4 scale mail of the Barracuda {Slay+2}
   (You bought it in a shop in the Dungeon)

   Slay:      It affects your accuracy & damage with ranged weapons and melee
   (+2).
 u - a scarf of shadows
 v - a scarf of resistance (worn)
 x - a +3 chain mail of willpower
 D - +0 acid dragon scales (worn)
 E - a +2 pair of gloves of dexterity (worn)
 G - a +0 troll leather armour
 H - the +15 plate armour of Yesterday {rPois Int+2 Dex+3 Stlth+}
   (You found it in the Dungeon)

   Int:       It affects your intelligence (+2).
   Dex:       It affects your dexterity (+3).
   rPois:     It protects you from poison.
   Stlth:     It makes you more stealthy.
 J - a +0 kite shield (worn)
Jewellery
 m - a +3 ring of intelligence (right hand)
 n - a +2 ring of evasion
 z - a ring of see invisible
 A - a ring of protection from fire
 B - a ring of protection from cold (left hand)
 C - a ring of ice
Scrolls
 a - 4 scrolls of enchant armour
 q - 2 scrolls of identify
 r - 2 scrolls of enchant weapon
 y - a scroll of holy word
Potions
 b - 5 potions of curing
 k - a potion of might
 p - 4 potions of brilliance
 w - 2 potions of lignification
 I - a potion of flight {unknown}


   Skills:
 - Level 16.9 Fighting
 - Level 14.0 Long Blades
 + Level 14.8 Armour
 - Level 17.3 Dodging
 - Level 1.5 Stealth
 - Level 18.6 Shields
 + Level 16.0 Spellcasting
 + Level 7.0 Invocations
 - Level 7.0 Evocations


You had 10 spell levels left.
You knew the following spells:

 Your Spells              Type           Power      Damage    Failure   Level
a - Foxfire               Conj/Fire      100%       2x1d9     0%          1
b - Frozen Ramparts       Ice            100%       1d12      0%          3
c - Hailstorm             Conj/Ice       81%        3d16      1%          4
d - Poisonous Vapours     Pois/Air       100%       N/A       0%          2
e - Freeze                Ice            100%       1d11      0%          1
f - Mephitic Cloud        Conj/Pois/Air  81%        N/A       0%          3
g - Summon Lightning Spi  Summ/Air       81%        N/A       1%          4
h - Animate Armour        Summ/Erth      100%       N/A       1%          4
i - Summon Forest         Summ/Tloc      40%        N/A       1%          5
t - Iron Shot             Conj/Erth      40%        9d8       1%          6
x - Ozocubu's Armour      Ice            81%        N/A       0%          3
Your spell library was empty.

Dungeon Overview and Level Annotations

Branches:
Dungeon (1/1)

Altars:
Cheibriados
Dithmenos
Elyvilon
Fedhas
Gozag
Hepliaklqana
Kikubaaqudgha
Makhleb
Nemelex Xobeh
Okawaru
Qazlal
Ru
Sif Muna
Trog
Uskayaw
Vehumet
Wu Jian
Xom
Yredelemnul
Zin
The Shining One
Beogh
Jiyva
Lugonu

Shops:
D *??[

Annotations:
D Nikola


Innate Abilities, Weirdness & Mutations

You are immune to sickness and miasma.
You are immune to poison.
Your flesh is very heat resistant. (rF++)
You are vulnerable to cold. (rC-)
You float through the air rather than walking.
You learn spells naturally, not from books.
Your magical power is your life essence.
You have superior vitality. (+4 HP)
You occasionally shout uncontrollably at your foes.


Message History

Confirm with . or Enter, or press ? or * to list all spells.
Aiming: Iron Shot (mildly dangerous; 1% risk of failure)
Press: ? - help, Shift-Dir - straight line, p - Nikola
Casting: Iron Shot (mildly dangerous; 1% risk of failure)
Confirm with . or Enter, or press ? or * to list all spells.
Aiming: Iron Shot (mildly dangerous; 1% risk of failure)
Press: ? - help, Shift-Dir - straight line, f - Nikola
Aim: Nikola, wielding a +3 rapier of electrocution, wearing a +1 cloak of stealth and wearing a +0 pair of gloves (lightly wounded, extremely poisoned, 79% to hit)
The iron shot hits Nikola!!!
Nikola is moderately wounded.
You block Nikola's attack.
Casting: Iron Shot (mildly dangerous; 1% risk of failure)
Confirm with . or Enter, or press ? or * to list all spells.
Aiming: Iron Shot (mildly dangerous; 1% risk of failure)
Press: ? - help, Shift-Dir - straight line, f/p - Nikola
Aim: Nikola, wielding a +3 rapier of electrocution, wearing a +1 cloak of stealth and wearing a +0 pair of gloves (moderately wounded, extremely poisoned, 79% to hit)
The iron shot hits Nikola!!!
Nikola is moderately wounded.
Nikola hits you with a +3 rapier of electrocution!
Casting: Iron Shot (mildly dangerous; 1% risk of failure)
Confirm with . or Enter, or press ? or * to list all spells.
Aiming: Iron Shot (mildly dangerous; 1% risk of failure)
Press: ? - help, Shift-Dir - straight line, f/p - Nikola
Aim: Nikola, wielding a +3 rapier of electrocution, wearing a +1 cloak of stealth and wearing a +0 pair of gloves (heavily wounded, extremely poisoned, 79% to hit)
The iron shot hits Nikola!!!
Nikola is severely wounded.
Nikola gestures at you while chanting. The bolt of lightning hits you!
You resist. The bolt of lightning misses you.
Casting: Iron Shot (mildly dangerous; 1% risk of failure)
Confirm with . or Enter, or press ? or * to list all spells.
Aiming: Iron Shot (mildly dangerous; 1% risk of failure)
Press: ? - help, Shift-Dir - straight line, f/p - Nikola
Aim: Nikola, wielding a +3 rapier of electrocution, wearing a +1 cloak of stealth and wearing a +0 pair of gloves (severely wounded, extremely poisoned, 79% to hit)
The iron shot hits Nikola!!!
Nikola is almost dead.
Nikola casts a spell.
Lightning arcs from Nikola's hands!
The bolt of lightning hits you!!! You resist.
Ouch! That really hurt!
You die...

▓...................
▓▓▓▓▓▓▓▓▓▓▓▓▓▓▓▓▓▓▓▓
▓............'......
▓.▓▓▓▓▓▓▓▓▓▓▓▓▓▓▓▓▓▓
▓..................)
▓▓▓▓▓▓▓▓▓▓▓▓▓▓▓▓▓▓▓▓
▓.........'.........
▓.▓▓▓▓▓▓▓▓▓▓▓▓▓▓▓▓▓▓
▓..@@......,,,,,,,,,
▓▓▓▓▓▓▓▓▓▓▓*********
*,,,,,,,,,,+,,,,,,,,
*,******************
*,,,,,,,,,,,,,,,,,,,
********************
*,,,,+,,,,,,,,,,,,,+
*,******************
*,,,,,,,,,,,,,,,,,,,


You could see Nikola (extremely poisoned).

Vanquished Creatures
  A tentacled monstrosity (D)
  A lich (D)
  4 sphinxes (D)
  Frances (D)
  A tengu reaver (D)
  Donald (D)
  A frost giant (D)
  A fenstrider witch (D)
  An orc warlord (D)
  A ghost moth (D)
  A vault warden (D)
  An emperor scorpion (D)
  An ironbound preserver (D)
  2 very ugly things (D)
  A bunyip (D)
  2 spark wasps (D)
  2 ettins (D)
  A merfolk impaler (D)
  2 yaktaur captains (D)
  2 fire dragons (D)
  Josephine (D)
  An ironbound thunderhulk (D)
  2 boulder beetles (D)
  A rakshasa (D)
  A hydra (D)
  An ice dragon (D)
  A ghost crab (D)
  2 ironbound frosthearts (D)
  A centaur warrior (D)
  2 deep troll shamans (D)
  A deep troll earth mage (D)
  2 naga sharpshooters (D)
  A vampire mage (D)
  2 shock serpents (D)
  4 orc high priests (D)
  Nergalle (D)
  A spriggan druid (D)
  A goliath frog (D)
  A bog body (D)
  A wizard (D)
  3 lindwurms (D)
  An ugly thing (D)
  2 deep elf pyromancers (D)
  2 harpies (D)
  An orc sorcerer (D)
  A manticore (D)
  A moth of wrath (D)
  5 black mambas (D)
  2 vault sentinels (D)
  A naga mage (D)
  A gargoyle (D)
  A rime drake (D)
  3 komodo dragons (D)
  An efreet (D)
  An unseen horror (D)
  A demonic crawler (D)
  A yaktaur (D)
  2 tengu conjurers (D)
  2 jumping spiders (D)
  A hornet (D)
  A tyrant leech (D)
  A snapping turtle (D)
  A dream sheep (shapeshifter) (D)
  A slime creature (D)
  A shadow (D)
  4 wraiths (D)
  A wyvern (D)
  A spriggan (D)
  A water elemental (D)
  2 redbacks (D)
  A basilisk (D)
  A yak (D)
  Grum (D)
  A vampire mosquito (D)
  2 water moccasins (D)
  3 orc warriors (D)
  2 centaurs (D)
  2 wolves (D)
  3 bullfrogs (D)
  A scorpion (D)
  A killer bee (D)
  14 orc priests (D)
  An iguana (D)
  4 orc wizards (D)
  5 worms (D)
  4 orcs (D)
  2 endoplasms (D)
  2 kobolds (D)
  A quokka (D)
  A ball python zombie (D)
  A frilled lizard (D)
156 creatures vanquished.

Vanquished Creatures (collateral kills)
  A vault warden (D)
  A very ugly thing (D)
  An ettin (D)
  A fire dragon (D)
  A yaktaur captain (D)
  A great orb of eyes (D)
  A hydra (D)
  A rakshasa (D)
  A deep troll shaman (D)
  A merfolk avatar (D)
  4 orc high priests (D)
  A sea snake (D)
  2 orc knights (D)
  A manticore (D)
  A merfolk siren (D)
  A cane toad (D)
  A rime drake (D)
  A komodo dragon (D)
  A merfolk (D)
  A blink frog (D)
  A water elemental (D)
  A wyvern (D)
  3 orc warriors (D)
29 creatures vanquished.

Vanquished Creatures (others)
  A will-o-the-wisp (D)
  3 foxfires (D)
4 creatures vanquished.

Grand Total: 189 creatures vanquished

Notes
Turn   | Place    | Note
-------+----------+-------------------------------------------
     0 | D        | MikeHunt the Djinni Ice Elementalist began the quest for
                  | the Orb.
     0 | D        | Reached XP level 1. HP: 15/15 MP: 0/0
     5 | D        | Reached skill level 1 in Fighting
   130 | D        | Noticed an iguana
   130 | D        | Noticed a centaur
   130 | D        | Noticed a scorpion
   134 | D        | Killed a scorpion
   135 | D        | Reached skill level 5 in Dodging
   135 | D        | Reached XP level 2. HP: 18/26 MP: 0/0
   135 | D        | Reached XP level 3. HP: 21/31 MP: 0/0
   135 | D        | Learned a level 1 spell: Foxfire
   135 | D        | Reached XP level 4. HP: 25/37 MP: 0/0
   143 | D        | Killed a centaur
   144 | D        | Reached skill level 5 in Fighting
   144 | D        | Reached skill level 5 in Spellcasting
   144 | D        | Reached XP level 5. HP: 37/45 MP: 0/0
   144 | D        | Learned a level 2 spell: Poisonous Vapours
   209 | D        | Found a snail-covered altar of Cheibriados.
   209 | D        | Found a shadowy altar of Dithmenos.
   209 | D        | Found a white marble altar of Elyvilon.
   209 | D        | Found a blossoming altar of Fedhas.
   209 | D        | Found an opulent altar of Gozag.
   210 | D        | Found a hazy altar of Hepliaklqana.
   211 | D        | Found a viscous altar of Jiyva.
   213 | D        | Found a corrupted altar of Lugonu.
   214 | D        | Found a burning altar of Makhleb.
   215 | D        | Found a sparkling altar of Nemelex Xobeh.
   216 | D        | Found an iron altar of Okawaru.
   217 | D        | Found a stormy altar of Qazlal.
   218 | D        | Found a sacrificial altar of Ru.
   220 | D        | Found a bloodstained altar of Trog.
   221 | D        | Found a hide-covered altar of Uskayaw.
   222 | D        | Became a worshipper of Makhleb the Destroyer
   224 | D        | Found an ornate altar of the Wu Jian Council.
   225 | D        | Found a shimmering altar of Xom.
   226 | D        | Found a basalt altar of Yredelemnul.
   227 | D        | Found a glowing silver altar of Zin.
   228 | D        | Found a glowing golden altar of the Shining One.
   269 | D        | Noticed a shadow
   269 | D        | Noticed a centaur
   269 | D        | Noticed a yak
   275 | D        | Reached XP level 6. HP: 30/51 MP: 0/0
   275 | D        | Reached * piety under Makhleb
   275 | D        | Killed a yak
   276 | D        | Reached XP level 7. HP: 30/59 MP: 0/0
   276 | D        | Learned a level 3 spell: Mephitic Cloud
   278 | D        | Killed an unseen horror
   279 | D        | Reached skill level 10 in Dodging
   283 | D        | Killed a shadow
   283 | D        | Reached ** piety under Makhleb
   284 | D        | Reached XP level 8. HP: 7/68 MP: 0/0
   581 | D        | Noticed a slime creature
   581 | D        | Noticed a centaur warrior
   581 | D        | Noticed a brown ugly thing
   581 | D        | Noticed a wraith
   581 | D        | Noticed a gargoyle
   585 | D        | Killed a gargoyle
   586 | D        | Reached skill level 10 in Fighting
   586 | D        | Killed a wraith
   588 | D        | Reached XP level 9. HP: 43/75 MP: 0/0
   588 | D        | Learned a level 4 spell: Summon Lightning Spire
   591 | D        | Killed a centaur warrior
   591 | D        | Reached *** piety under Makhleb
   592 | D        | Reached skill level 5 in Evocations
   592 | D        | Killed a brown ugly thing
   594 | D        | Killed a slime creature
   911 | D        | Noticed a cane toad
   911 | D        | Noticed a rime drake
   911 | D        | Noticed a rime drake
   911 | D        | Noticed a black mamba
   911 | D        | Noticed a komodo dragon
   913 | D        | Noticed a blink frog
   914 | D        | Reached skill level 1 in Armour
   914 | D        | Reached XP level 10. HP: 49/84 MP: 0/0
   914 | D        | Killed a komodo dragon
   914 | D        | Reached **** piety under Makhleb
   914 | D        | Killed a rime drake
   914 | D        | Noticed a komodo dragon
   915 | D        | Reached skill level 10 in Spellcasting
   916 | D        | Killed a black mamba
   920 | D        | Killed a rime drake
   922 | D        | Killed a cane toad
   922 | D        | Reached ***** piety under Makhleb
   922 | D        | Killed a komodo dragon
  1102 | D        | Noticed a komodo dragon
  1102 | D        | Noticed a seven-headed hydra
  1104 | D        | Noticed a komodo dragon
  1106 | D        | Reached skill level 5 in Armour
  1109 | D        | Killed a seven-headed hydra
  1110 | D        | Reached XP level 11. HP: 92/92 MP: 0/0
  1110 | D        | Learned a level 4 spell: Animate Armour
  1119 | D        | Reached ****** piety under Makhleb
  1187 | D        | Noticed a lindwurm
  1187 | D        | Noticed a lindwurm
  1187 | D        | Noticed a lindwurm
  1198 | D        | Killed a lindwurm
  1199 | D        | Killed a lindwurm
  1200 | D        | Killed a lindwurm
  1201 | D        | Reached skill level 15 in Dodging
  1411 | D        | Reached skill level 1 in Long Blades
  1428 | D        | Noticed Josephine
  1453 | D        | Killed Josephine
  1764 | D        | Noticed an orc knight
  1764 | D        | Noticed an orc knight
  1801 | D        | Killed an orc knight
  1805 | D        | Killed an orc knight
  1905 | D        | Noticed an orc sorcerer
  1910 | D        | Killed an orc sorcerer
  2049 | D        | Noticed an orc high priest
  2083 | D        | Killed an orc high priest
  2464 | D        | Found Kuiven's Antique Armour Boutique.
  2464 | D        | Noticed an orc high priest
  2464 | D        | Noticed an orc high priest
  2464 | D        | Noticed an orc high priest
  2464 | D        | Noticed an orc high priest
  2464 | D        | Noticed an orc high priest
  2465 | D        | Noticed an orc high priest
  2473 | D        | Killed an orc high priest
  2514 | D        | Killed an orc high priest
  2515 | D        | Reached skill level 5 in Long Blades
  2515 | D        | Reached XP level 12. HP: 70/101 MP: 0/0
  2515 | D        | Killed an orc high priest
  2516 | D        | Reached skill level 10 in Armour
  2518 | D        | Killed an orc high priest
  2520 | D        | Killed an orc high priest
  2520 | D        | Killed an orc high priest
  2521 | D        | Reached skill level 15 in Fighting
  2701 | D        | Found Kuckigot's Magic Scroll Shop.
  2705 | D        | Found Peng's Magic Scroll Boutique.
  2709 | D        | Found Gosmulou's Assorted Antiques.
  2711 | D        | Noticed an orc high priest
  2754 | D        | Killed an orc high priest
  2932 | D        | Bought a shiny buckler for 172 gold pieces
  2932 | D        | Bought a glowing scarf for 184 gold pieces
  2932 | D        | Bought a glowing scarf for 184 gold pieces
  2951 | D        | Bought a scroll of magic mapping for 38 gold pieces
  2954 | D        | Bought a scroll of enchant armour for 82 gold pieces
  2954 | D        | Bought a scroll of enchant armour for 82 gold pieces
  2954 | D        | Bought a scroll of enchant armour for 82 gold pieces
  2956 | D        | Bought a faintly humming scale mail for 234 gold pieces
  2956 | D        | Identified the +4 scale mail of the Barracuda {Slay+2} (You
                  | bought it in a shop in the Dungeon)
  2956 | D        | Bought a bubbling yellow potion for 23 gold pieces
  2956 | D        | Bought a scroll labelled ECSATI CYRATE for 26 gold pieces
  2956 | D        | Bought a scroll labelled DULEMUMMU for 26 gold pieces
  2956 | D        | Bought a potion of brilliance for 104 gold pieces
  3157 | D        | Noticed a boulder beetle
  3157 | D        | Noticed a boulder beetle
  3166 | D        | Reached skill level 4 in Shields
  3167 | D        | Killed a boulder beetle
  3167 | D        | Noticed a rakshasa
  3168 | D        | Reached skill level 5 in Shields
  3169 | D        | Killed a boulder beetle
  3184 | D        | Noticed a fire dragon
  3185 | D        | Noticed an ice dragon
  3187 | D        | Noticed a sphinx
  3187 | D        | Killed a rakshasa
  3188 | D        | Noticed a deep troll shaman
  3191 | D        | Noticed a vampire mage
  3194 | D        | Killed a fire dragon
  3195 | D        | Killed a sphinx
  3195 | D        | Killed a deep troll shaman
  3196 | D        | Reached XP level 13. HP: 101/109 MP: 0/0
  3196 | D        | Learned a level 5 spell: Summon Forest
  3201 | D        | Killed an ice dragon
  3201 | D        | Noticed an ettin
  3211 | D        | Killed an ettin
  3442 | D        | Got the +15 plate armour of Yesterday {rPois Int+2 Dex+3
                  | Stlth+}
  3526 | D        | Noticed Frances
  3532 | D        | Gained mutation: You occasionally shout uncontrollably at
                  | your foes. [a neqoxec]
  3544 | D        | Killed Frances
  3688 | D        | Noticed a merfolk impaler
  3701 | D        | Killed a merfolk impaler
  3715 | D        | Noticed a merfolk avatar
  4015 | D        | Killed a merfolk avatar
  4112 | D        | Noticed a bunyip
  4112 | D        | Noticed a fenstrider witch
  4112 | D        | Noticed a ghost crab
  4115 | D        | Reached skill level 10 in Long Blades
  4116 | D        | Killed a ghost crab
  4117 | D        | Killed a fenstrider witch
  4130 | D        | Killed a bunyip
  4245 | D        | Noticed an emperor scorpion
  4262 | D        | Killed a ghost moth
  4263 | D        | Reached skill level 15 in Spellcasting
  4263 | D        | Reached XP level 14. HP: 96/116 MP: 0/0
  4265 | D        | Killed an emperor scorpion
  4546 | D        | Reached skill level 1 in Invocations
  4597 | D        | Noticed Grum
  4618 | D        | Killed Grum
  4654 | D        | Noticed Donald
  4689 | D        | Noticed a cacodemon
  4694 | D        | Killed Donald
  4870 | D        | Noticed Nergalle
  4884 | D        | Killed Nergalle
  4929 | D        | Noticed a spark wasp
  4929 | D        | Noticed a frost giant
  4929 | D        | Noticed a lich
  4956 | D        | Killed a lich
  4957 | D        | Reached skill level 7 in Shields
  4959 | D        | Reached skill level 8 in Shields
  4966 | D        | Killed a frost giant
  4967 | D        | Reached skill level 9 in Shields
  4974 | D        | Reached skill level 10 in Shields
  5013 | D        | Killed a spark wasp
  5014 | D        | Reached skill level 11 in Shields
  5095 | D        | Noticed a tengu reaver
  5313 | D        | Killed a tengu reaver
  5345 | D        | Reached skill level 12 in Shields
  5412 | D        | Noticed a purple very ugly thing
  5414 | D        | Noticed a tentacled monstrosity
  5439 | D        | Killed a purple very ugly thing
  5445 | D        | Noticed a spark wasp
  5446 | D        | Killed a tentacled monstrosity
  5447 | D        | Reached skill level 13 in Shields
  5451 | D        | Killed a spark wasp
  5452 | D        | Reached skill level 14 in Shields
  5668 | D        | Reached skill level 15 in Shields
  5668 | D        | Reached XP level 15. HP: 67/123 MP: 0/0
  5668 | D        | Learned a level 6 spell: Iron Shot
  5940 | D        | Noticed an ironbound preserver
  5940 | D        | Noticed a sphinx
  5948 | D        | Reached skill level 16 in Shields
  5949 | D        | Paralysed by a sphinx for 2 turns
  5951 | D        | Killed a sphinx
  5952 | D        | Reached skill level 17 in Shields
  6015 | D        | Killed an ironbound preserver
  6037 | D        | Noticed a vault warden
  6060 | D        | Killed a vault warden
  6061 | D        | Reached skill level 18 in Shields
  6311 | D        | Noticed a vault warden
  6442 | D        | Killed a vault warden
  6592 | D        | Noticed a sphinx
  6609 | D        | Killed a sphinx
  6748 | D        | Noticed a brown very ugly thing
  6749 | D        | Noticed a sphinx
  6751 | D        | Noticed a red very ugly thing
  6753 | D        | Killed a brown very ugly thing
  6753 | D        | Noticed an orc warlord
  6754 | D        | Reached skill level 5 in Invocations
  6762 | D        | HP: 5/123 [sphinx/divine providence (9)]
  7343 | D        | Killed a sphinx
  7347 | D        | Killed a red very ugly thing
  7503 | D        | Killed an orc warlord
  7616 | D        | Noticed Nikola
  7626 | D        | Killed from afar by Nikola

Illustrated notes

Levels and vault maps discovered:
D:        linesprint [early_d, line_temple, items_1, d_10, items_2, lair_1,
          lair_end, items_3, orc_1, orc_end, items_4, d_15, swamp_1, shoals_1,
          snake_1, spider_1, d_20, vaults_1, items_5, swamp_end, shoals_end,
          snake_end, spider_end, vaults_end, d_27, items_6, zot_1, zot_end,
          crypt_end, forest_end, elf_end, slime_end, tomb_end, abyss_end,
          pan_hell_end]

Skill      XL: |  1  2  3  4  5  6  7  8  9 10 11 12 13 14 15 |
---------------+----------------------------------------------+-----
Fighting       | 4 5 6 8 9 10 11 13 14 15 16 | 16.9
Dodging        | 5 6 7 9 10 11 12 14 15 16 17 | 17.3
Spellcasting   | 4 5 6 7 8 9 10 12 13 15 16 | 16.0
Evocations     | 3 6 7 |  7.0
Armour         | 1 6 9 12 13 14 | 14.8
Long Blades    | 5 7 12 13 14 | 14.0
Shields        | 5 15 18 | 18.6
Invocations    | 2 7 |  7.0
Stealth        | |  1.5

Action                   |  1- 3 |  4- 6 |  7- 9 | 10-12 | 13-15 || total
-------------------------+-------+-------+-------+-------+-------++-------
Melee: Scimitar          |       |     1 |       |    33 |    65 ||    99
 Cast: Freeze            |    10 |     7 |     7 |    30 |    60 ||   114
       Frozen Ramparts   |       |     2 |     2 |    15 |    23 ||    42
       Poisonous Vapours |       |     1 |       |    48 |    69 ||   118
       Hailstorm         |       |     1 |     6 |     9 |    27 ||    43
       Summon Lightning  |       |       |       |    10 |    22 ||    32
       Ozocubu's Armour  |       |       |       |     4 |    12 ||    16
       Mephitic Cloud    |       |       |       |     4 |     1 ||     5
       Animate Armour    |       |       |       |     3 |    19 ||    22
       Foxfire           |       |       |       |     3 |     1 ||     4
       Iron Shot         |       |       |       |       |    44 ||    44
Invok: Greater Servant o |       |       |       |       |     1 ||     1
Evoke: Wand              |       |       |     3 |     6 |     1 ||    10
  Use: Potion            |       |     1 |       |     1 |    12 ||    14
       Scroll            |       |       |     1 |     7 |     6 ||    14
 Stab: Distracted        |       |       |       |     2 |     2 ||     4
       Invisible         |       |       |       |       |     1 ||     1
Armor: Robe              |       |     4 |     3 |       |       ||     7
       Scale mail        |       |       |     1 |    21 |       ||    22
       Acid dragon scale |       |       |       |     4 |    73 ||    77
Dodge: Dodged            |     7 |    12 |    10 |    46 |   154 ||   229
Block: Buckler           |       |       |       |     6 |    40 ||    46
       Kite shield       |       |       |       |       |    39 ||    39
       Rpst.: Scimitar   |       |       |     2 |     9 |    28 ||    39

Table legend: (Time is in decaauts)
 A = Elapsed time spent in this place.
 B = Non-inter-level travel time spent in this place.
 C = Inter-level travel time spent in this place.
 D = Time resting spent in this place.
 E = Time spent auto-exploring this place.
 F = Levels seen in this place.
 G = Mean time per level.
                   A        B        C        D        E       F      G
               +--------+--------+--------+--------+--------+-----+--------+
         Total |   7650 |   7581 |     69 |   4612 |      0 |   1 | 7650.0 |
       Dungeon |   7650 |   7581 |     69 |   4612 |      0 |   1 | 7650.0 |
               +--------+--------+--------+--------+--------+-----+--------+

Top non-repeatable levels by time:
       D: 7650 daAuts
